 Crawl Stoat Soup version 0.23-ish-327-104-g30f0781d17 (console) character file.

816 hilarita the Chiller (level 7, -2/42 HPs)
             Began as a Gargoyle Ice Elementalist on Apr 19, 2024.
             Killed by divine providence
             ... invoked by an orc priest
              (11 damage)
             ... on level 4 of the Dungeon.
             The game lasted 00:12:09 (4809 turns).

hilarita the Chiller (Gargoyle Ice Elementalist)    Turns: 4809, Time: 00:12:10

Health: -2/42      AC:  6    Str: 12    XL:     7   Next: 94%
Magic:  1/12       EV: 11    Int: 17    God:
Gold:   110        SH:  5    Dex: 10    Spells: 3/13 levels left

rFire    . . .     SeeInvis .   j - +2 spear
rCold    . . .     Gourm    .   (no shield)
rNeg     + . .     Faith    .   a - +0 robe
rPois    ∞         Spirit   .   (no helmet)
rElec    +         Warding  .   (no cloak)
rCorr    .         Reflect  +   (no gloves)
MR       .....     Harm     .   (no boots)
Stlth    ++........             i - +5 amulet of reflection
HPRegen  0.14/turn              v - ring of loudness (curse)
MPRegen  0.13/turn              (no ring)

@: no status effects
A: negative energy resistance 1, electricity resistance, unbreathing,
petrification resistance, rot immunity, AC +4
a: no special abilities


You were on level 4 of the Dungeon.
You were not hungry.

You visited 1 branch of the dungeon, and saw 4 of its levels.
You also visited: Sewer.

You collected 110 gold pieces.

Inventory:

Hand Weapons
 j - a +2 spear (weapon)
Missiles
 e - 88 stones (quivered)
 n - 25 arrows
Armour
 a - a +0 robe (worn)
 o - a +0 kite shield
Jewellery
 i - a +5 amulet of reflection (around neck)
 v - a cursed ring of loudness (left hand)
Wands
 m - a wand of iceblast (5 charges)
Scrolls
 k - a scroll of immolation
 t - a scroll of blinking
 u - 3 scrolls of teleportation
Potions
 b - 2 potions of might {unknown}
 d - a potion of cancellation {unknown}
 f - 3 potions of curing
 h - 3 potions of heal wounds
 p - a potion of ambrosia {unknown}
 q - 3 potions of agility {unknown}
 s - a potion of brilliance {unknown}
Comestibles
 c - 4 bread rations
 g - a chunk of flesh
 l - 2 meat rations
 r - 2 fruits


   Skills:
 + Level 3.6 Fighting
 - Level 1.5 Dodging
 - Level 2.1 Stealth
 + Level 3.6 Spellcasting
 + Level 3.5 Conjurations
 + Level 1.9 Charms
 + Level 1.7 Summonings
 * Level 5.9 Ice Magic


You had 3 spell levels left.
You knew the following spells:

 Your Spells              Type           Power        Failure   Level  Hunger
a - Freeze                Ice            23/25        1%          1    None
b - Throw Frost           Conj/Ice       19/50        3%          2    ##.....
c - Ozocubu's Armour      Chrm/Ice       16/100       10%         3    ###....
d - Summon Ice Beast      Ice/Summ       16/100       32%         4    ####...

Your spell library contained the following spells:

 Spells                   Type           Power        Failure   Level  Hunger
 Throw Icicle             Conj/Ice       19/100       22%         4    ####...


Dungeon Overview and Level Annotations

Branches:
Dungeon (4/15)
 Temple: D:4-7

Altars:
Ashenzari
Fedhas
Hepliaklqana
Makhleb
Ru
Yredelemnul


Innate Abilities, Weirdness & Mutations

You are resistant to torment.
Your stone body is resilient. (AC +4)
You are immune to poison.
You resist negative energy. (rN+)
You are resistant to electric shocks. (rElec)
You can survive without breathing.
You are immune to petrification.
You are immune to rotting.


Message History

You closely miss the phantom. The phantom hits you.
You hit the phantom but do no damage.
The phantom hits you but does no damage.
The freed slave hits the phantom but does no damage.
You hit the phantom.
The phantom is lightly damaged.
The phantom hits you.
The phantom blinks!
You blink.
An orc priest comes into view. It is wielding a short sword.
Found a stone staircase leading down.
An orc comes into view. It is wielding a mace.
The phantom hits you but does no damage.
The orc priest shouts!
You hear a shout!
The phantom hits you.
The phantom blinks!
You blink.
Unknown command.
The phantom hits you. The orc hits you with a hand axe.
There is a stone staircase leading down here.
You block the phantom's attack.
The orc priest invokes the aid of Beogh against you.
Beogh smites you!
You die...

#... ##.. ##...
#####.... ........#
....#...#
..........#
......S..@##
##..#...o.W#
.......#o#.#
#.....#.......S..
#......o##.......
#.#...#...##..#....
#.................
................ #
##.###§###...#.##.
.# #.# #..(.....
.###.###.####


You could see a phantom, an orc priest, an adder (wandering) and 2 orcs.

Vanquished Creatures
  Pikel (D:4)
  A slave (D:4)
  A big kobold (Sewer)
  A centaur skeleton (D:4)
  A hound (D:2)
  An orc wizard (D:4)
  4 gnolls (D:4)
  6 adders
  3 river rats (D:3)
  5 worms
  2 dart slugs (D:2)
  2 leopard geckos
  5 orcs (D:4)
  9 bats
  6 giant cockroaches
  7 goblins
  5 hobgoblins
  17 kobolds
  A weasel (D:4)
  3 ball pythons
  9 frilled lizards
  5 rats
95 creatures vanquished.

Notes
Turn   | Place    | Note
-------+----------+-------------------------------------------
     0 | D:1      | hilarita the Gargoyle Ice Elementalist began the quest for
                  | the Orb.
     0 | D:1      | Reached XP level 1. HP: 10/10 MP: 3/3
   150 | D:1      | Reached XP level 2. HP: 10/16 MP: 0/5
   157 | D:1      | Learned a level 2 spell: Throw Frost
  1054 | D:1      | Reached skill level 1 in Fighting
  1369 | D:2      | Reached XP level 3. HP: 20/20 MP: 2/6
  1424 | D:2      | Learned a level 3 spell: Ozocubu's Armour
  1727 | D:2      | Found a shattered altar of Ashenzari.
  2012 | D:2      | Found a burning altar of Makhleb.
  2021 | D:2      | Reached skill level 4 in Ice Magic
  2021 | D:2      | Reached XP level 4. HP: 25/26 MP: 2/7
  2483 | D:3      | Reached XP level 5. HP: 26/30 MP: 0/9
  2514 | D:3      | Found a glowing drain.
  2583 | Sewer    | Entered a sewer
  2618 | Sewer    | Noticed a big kobold
  2627 | Sewer    | Killed a big kobold
  3090 | Sewer    | Learned a level 4 spell: Summon Ice Beast
  3270 | D:3      | Reached XP level 6. HP: 36/36 MP: 7/10
  3422 | D:3      | Found a basalt altar of Yredelemnul.
  3641 | D:3      | Found a sacrificial altar of Ru.
  3641 | D:3      | Found a blossoming altar of Fedhas.
  3971 | D:4      | Reached skill level 5 in Ice Magic
  4655 | D:4      | Reached skill level 1 in Charms
  4739 | D:4      | Found a hazy altar of Hepliaklqana.
  4748 | D:4      | Noticed a slave
  4749 | D:4      | Noticed Pikel
  4749 | D:4      | Noticed a slave
  4749 | D:4      | Noticed a slave
  4767 | D:4      | Killed a slave
  4769 | D:4      | Noticed a slave
  4795 | D:4      | HP: 2/37 [Pikel/whip of electrocution (4)]
  4800 | D:4      | Killed Pikel
  4800 | D:4      | Reached skill level 1 in Summonings
  4800 | D:4      | Reached XP level 7. HP: 23/42 MP: 0/12
  4809 | D:4      | Killed from afar by an orc priest

Vault maps used:
D:1:      elethiomel_arrival_infinity_welcomes_careful_drivers
D:2:      makhleb_heckhound_becter, old_standard_altar
D:3:      lemuel_round_altar, gammafunk_temple_overflow_statue,
          lightli_sewer_entry_pipes
D:4:      minmay_diamond_boxcup, lemuel_doored_altar, lemuel_round_altar,
          lemuel_coloured_pillars_altar, first_bread, uniq_pikel
Sewer:    kennysheep_pipe_town

Skill      XL: |  1  2  3  4  5  6 |
---------------+-------------------+-----
Fighting       | 1 2 3 |  3.6
Ice Magic      | 4 5 |  5.9
Conjurations   | 2 3 |  3.5
Spellcasting   | 3 |  3.6
Charms         | 1 |  1.9
Summonings     | 1 |  1.7
Dodging        | |  1.5
Stealth        | |  2.1

Action                   |  1- 3 |  4- 6 |  7- 9 || total
-------------------------+-------+-------+-------++-------
Melee: Unarmed           |     2 |       |       ||     2
       Spear             |    80 |    64 |     3 ||   147
 Cast: Freeze            |    23 |   136 |     1 ||   160
       Ozocubu's Armour  |       |     1 |       ||     1
  Use: Scroll            |     3 |     5 |       ||     8
       Potion            |       |     2 |       ||     2
 Stab: Sleeping          |     3 |     2 |       ||     5
  Eat: Chunk             |     4 |     9 |       ||    13
Armor: Robe              |    18 |    55 |     2 ||    75
Dodge: Dodged            |    37 |    79 |       ||   116
Block: Other             |    15 |    47 |     1 ||    63
       Reflection        |       |     4 |       ||     4

Table legend:
 A = Spawn XP
 B = Non-spawn XP
 C = Spawn XP percentage of total XP
 D = Spawn monster count
 E = Non-spawn monster count
 F = Spawn count percentage of total count
 G = Total turns spent on level
                    A         B        C        D         E        F      G
               +---------+---------+-------+---------+---------+-------+---------
         Total |      67 |    1099 |   5.7 |      14 |      80 |  14.9 |  4809
               +---------+---------+-------+---------+---------+-------+---------
           D:1 |       5 |      24 |  17.2 |       3 |      16 |  15.8 |  1341
           D:2 |       6 |      86 |   6.5 |       3 |      13 |  18.8 |  1075
           D:3 |       4 |      77 |   4.9 |       3 |      13 |  18.8 |   842
           D:4 |      52 |     772 |   6.3 |       5 |      14 |  26.3 |   960
         Sewer |       0 |     140 |   0.0 |       0 |      24 |   0.0 |   591
               +---------+---------+-------+---------+---------+-------+---------
